 Dungeon Crawl Stone Soup version 0.15.0-18-g9076a4f (console) character file.

5 gw the Bolt Thrower (level 1, 0/12 HPs)
             Began as a Kobold Hunter on Sept 6, 2014.
             Slain by a jackal (2 damage)
             ... on Level 1 of the Dungeon.
             The game lasted 00:00:10 (223 turns).

gw the Bolt Thrower (Kobold Hunter)                  Turns: 223, Time: 00:00:10

HP   0/12        AC  3     Str 10      XL: 1   Next: 88%
MP   1/1         EV 13     Int  9      God:
Gold 0           SH  0     Dex 16      Spells:  0 memorised,  0 levels left

rFire  . . .     SeeInvis .     e - +0 dagger
rCold  . . .     Clarity  .     d - +0 leather armour
rNeg   . . .     rCorr    .     (no shield)
rPois  .         rRot     .     (no helmet)
rElec  .         Spirit   .     (no cloak)
SustAb .         Warding  .     (no gloves)
rMut   .         Stasis   .     (no boots)
Gourm  .                        (no amulet)
MR     .....                    (no ring)
                                (no ring)

@: not resistant to hostile enchantments, unstealthy
A: carnivore 3
a: no special abilities


You were on level 1 of the Dungeon.
You were not hungry.

You visited 1 branch of the dungeon, and saw 1 of its levels.

Inventory:

Hand weapons
 b - a +1 hand crossbow
 e - a +0 dagger (weapon)
Missiles
 c - 18 bolts
Armour
 d - a +0 leather armour (worn)
Comestibles
 f - a meat ration
Scrolls
 g - a scroll of magic mapping {unknown}


   Skills:
 + Level 1.4 Fighting
 + Level 0.6 Short Blades
 * Level 4.9 Crossbows
 + Level 2.5 Dodging
 - Level 1.3 Stealth


You couldn't memorise any spells.
You didn't know any spells.

Dungeon Overview and Level Annotations

Branches:
Dungeon (1/15)

Altars:


Innate Abilities, Weirdness & Mutations

You are small and have problems with some larger weapons.
You are carnivorous and can eat meat at any time.


Message History

ATTACKING (-1,0)
Your leather armour prevents you from hitting the jackal.
The jackal is severely wounded.
The jackal misses you. The jackal barely misses you.
FLEEEEING!
ATTACKING (-1,0)
You hit the jackal but do no damage.
The jackal is heavily wounded.
The jackal closely misses you.
FLEEEEING!
ATTACKING (-1,0)
You hit the jackal.
The jackal is severely wounded.
The jackal closely misses you.
FLEEEEING!
ATTACKING (-1,0)
You barely miss the jackal.
The jackal is severely wounded.
The jackal barely misses you. The jackal bites you.
You die...

#..).......#
##.#######.#
#...######.###
..............#
##...#####....#
.......).....#
#.#.######....#
#.#.#
#####.#.######.#
.
#.......hhK....#
#.....#..#######
......####.)#
####.# #..# #.#
#..# #$# #..#
.######.####..#
#..............#
#######.#####.#


You could see 2 jackals.

Table legend:
 A = Turns spent in this place as a percentage of turns spent in the entire game.
 B = Non-inter-level travel turns spent in this place as a percentage of non-inter-level travel turns spent in the entire game.
 C = Inter-level travel turns spent in this place as a percentage of turns spent in this place.
 D = Turns resting spent in this place as a percentage of non-inter-level travel turns spent in this place.
 E = Turns spent auto-exploring this place as a percentage of non-inter-level travel turns spent in this place.
 F = Non-inter-level travel turns spent in this place divided by the number of levels of this place that you've seen.
                   A       B       C       D       E      F
               +-------+-------+-------+-------+-------+----------------------
         Total | 100.0 | 100.0 |   0.0 |   4.5 |  10.2 |  88.0
       Dungeon | 100.0 | 100.0 |   0.0 |   4.5 |  10.2 |  88.0
               +-------+-------+-------+-------+-------+----------------------

Table legend:
 A = Kills in this place as a percentage of kills in entire the game.
 B = Kills by you in this place as a percentage of kills by you in the entire game.
 C = Kills by friends in this place as a percentage of kills by friends in the entire game.
 D = Other kills in this place as a percentage of other kills in the entire game.
 E = Experience gained in this place as a percentage of experience gained in the entire game.
 F = Experience gained in this place divided by the number of levels of this place that you have seen.
                   A       B       C       D       E      F
               +-------+-------+-------+-------+-------+----------------------
         Total | 100.0 | 100.0 |  -nan |  -nan | 100.0 |   8.0
       Dungeon | 100.0 | 100.0 |  -nan |  -nan | 100.0 |   8.0
               +-------+-------+-------+-------+-------+----------------------

Vanquished Creatures
  2 giant cockroaches (D:1)
  2 jackals (D:1)
  A kobold (D:1)
5 creatures vanquished.

Notes
Turn   | Place    | Note
--------------------------------------------------------------
     0 | D:1      | gw, the Kobold Hunter, began the quest for the Orb.
     0 | D:1      | Reached XP level 1. HP: 12/12 MP: 1/1
   223 | D:1      | Slain by a jackal

Action                   || total
-------------------------++-------
Melee: Dagger            ||    26
       Short sword       ||     6
 Fire: Hand crossbow     ||     5

Vault maps used:
D:1:      mrwooster_arrival_statue_3, hangedman_abyss_or_decor_lesser_grid
